Map: Eternal Empire LE

Players

RiSky

  • Race: Zerg Zerg
  • Spawn Location: 7:00

PartinG - Winner!

  • Race: Protoss Protoss
  • League: Master
  • Spawn Location: 1:00

VOD

Have the link to the VOD?

Description

Time

  • Played on: Jan. 6, 2020, 8:49 p.m.
  • Length: 7:06
Show
View Real Time Build Order
Export as new Build Order

RiSky Zerg 

Build Orders: Pool First, Ravager All-In 

Get SALT Encoding   

  12  0:17  Spawning Pool  
  11  0:22  Drone  
  11  0:27  Drone  
  13  0:30  Drone  
  14  0:40  Overlord  
  14  1:04  Zergling x4  
  14  1:05  Zergling x2  
  17  1:15  Zergling x2  
  18  1:18  Hatchery  
  17  1:26  Zergling x2  
  18  1:37  Zergling x2  
  18  1:38  Queen  
  21  1:47  Overlord  
  21  1:59  Drone  
  22  2:10  Drone  
  22  2:13  Extractor, Queen  
  24  2:26  Drone  
  24  2:44  Drone  
  24  2:45  Roach Warren  
  24  2:46  Extractor  
  24  2:49  Drone x4  
  27  2:54  Drone  
  27  2:58  Drone  
  29  3:05  Drone  
  30  3:11  Overlord  
  30  3:17  Drone  
  31  3:23  Drone x2  
  33  3:29  Roach  
  35  3:35  Roach  
  35  3:39  Roach  
  39  3:45  Roach  
  40  3:51  Ravager  
  40  3:54  Roach  
  42  3:55  Overlord  
  42  3:57  Ravager  
  43  4:03  Overlord  
  43  4:07  Metabolic Boost  
  43  4:19  Drone  
  43  4:20  Drone x3  
  43  4:23  Zergling x2  
  48  4:26  Ravager  
  49  4:31  Zergling x4  
  49  4:35  Ravager  
  49  4:36  Zergling x4  
  53  4:41  Zergling x2  
  53  4:42  Drone  
  55  4:46  Ravager  
  55  4:47  Drone  
  55  4:53  Spore Crawler  
  55  4:58  Zergling x2  
  55  4:59  Zergling x2  
  52  5:02  Zergling x2  
  52  5:10  Zergling x4  
  52  5:13  Zergling x2  
  54  5:20  Zergling x2  
  55  5:24  Roach  
  55  5:30  Roach  
  55  5:36  Roach  
  55  5:39  Roach  
  55  5:40  Roach  
  55  5:44  Overlord  
  55  5:46  Ravager  
  55  5:48  Queen x2  
  58  5:58  Zergling x2, Ravager  
  58  6:03  Zergling x6  
  61  6:05  Ravager  
  61  6:09  Zergling x8  
  66  6:13  Zergling x2  
  66  6:14  Zergling x2  
  66  6:17  Zergling x2  
  62  6:23  Zergling x4  
  62  6:24  Queen  
  54  6:46  Zergling x8, Roach Warren  
Show
View Real Time Build Order
Export as new Build Order

PartinG Protoss - Winner!

Build Orders:  

Get SALT Encoding   

  12  0:00  Probe  
  13  0:13  Probe  
  14  0:18  Pylon  
  14  0:25  Probe (Chrono Boost)  
  15  0:37  Probe (Chrono Boost), Gateway  
  16  0:45  Probe (Chrono Boost)  
  16  0:48  Assimilator  
  17  0:51  Probe  
  18  1:00  Forge  
  18  1:04  Probe  
  19  1:13  Pylon  
  19  1:16  Probe  
  20  1:25  Cybernetics Core  
  21  1:33  Photon Cannon  
  19  1:43  Photon Cannon  
  19  1:48  Probe  
  20  2:02  Shield Battery  
  20  2:09  Robotics Facility  
  20  2:14  Photon Cannon  
  20  2:21  Pylon  
  20  2:28  Shield Battery  
  20  2:45  Shield Battery  
  20  2:56  Observer (Chrono Boost)  
  21  3:01  Shield Battery  
  21  3:05  Shield Battery  
  21  3:10  Immortal (Chrono Boost)  
  21  3:19  Shield Battery  
  25  3:23  Probe  
  25  3:24  Assimilator  
  25  3:27  Observer  
  26  3:38  Warp Prism (Chrono Boost)  
  28  4:00  Shield Battery  
  28  4:07  Warp Gate, Immortal (Chrono Boost)  
  32  4:10  Probe  
  33  4:32  Pylon  
  33  4:38  Immortal (Chrono Boost)  
  37  5:02  Photon Cannon  
  37  5:04  Shield Battery  
  37  5:13  Shield Battery x2  
  37  5:15  Immortal  
  41  5:34  Shield Battery  
  41  5:54  Immortal  
  41  5:55  Adept  
  45  6:42  Adept, Pylon  
  45  6:43  Pylon  
  47  6:57  Pylon  
Tags
 
Add a new tag
Caveats
  • Supply blocks, unpowered buildings, or Contaminate may cause inaccurate times.
  • Supply counts are checked every 10 seconds.